 Dungeon Crawl Stone Soup version 0.28-a0-589-g333b8329f1 (webtiles) character file.

Game seed: 7559395254395730833

82 Heedrag the Covered (level 4, -3/40 HPs)
             Began as a Minotaur Fighter on Oct 3, 2021.
             Slain by Sigmund (6 damage)
             ... on level 3 of the Dungeon.
             The game lasted 00:02:03 (2473 turns).

Heedrag the Covered (Minotaur Fighter)              Turns: 2473, Time: 00:02:03

Health: -3/40      AC:  7    Str: 21    XL:     4   Next: 21%
Magic:  3/3        EV: 10    Int:  5    God:
Gold:   151        SH:  4    Dex: 10    Spells: 3/3 levels left

rFire   . . .      SeeInvis .   a - +0 war axe
rCold   + . .      Faith    .   c - +0 buckler
rNeg    . . .      Spirit   .   b - +0 scale mail
rPois   .          Reflect  .   (helmet restricted)
rElec   .          Harm     .   (no cloak)
rCorr   .          Rampage  .   (no gloves)
Will    .....                   (no boots)
Stlth   ..........              (no amulet)
HPRegen 0.13/turn               o - ring of protection from cold
MPRegen 0.08/turn               (no ring)

@: lethally poisoned (-3 -> -12)
A: horns 2, retaliatory headbutt
a: no special abilities


You were on level 3 of the Dungeon.
You visited 1 branch of the dungeon, and saw 3 of its levels.

You collected 151 gold pieces.

Inventory:

Hand Weapons
 a - a +0 war axe (weapon)
Missiles
 h - 4 boomerangs (quivered)
 m - 11 poisoned darts
Armour
 b - a +0 scale mail (worn)
 c - a +0 buckler (worn)
Jewellery
 l - a ring of protection from cold
   (You found it on level 2 of the Dungeon)
 o - a ring of protection from cold (left hand)
   (You found it on level 1 of the Dungeon)
Scrolls
 e - 2 scrolls of identify {unknown}
 g - a scroll of fog {unknown}
 j - a scroll of blinking {unknown}
 k - 2 scrolls of noise {unknown}
 n - a scroll of teleportation {unknown}
 q - a scroll of vulnerability {unknown}
Potions
 d - a potion of might
 f - 2 potions of flight {unknown}
 i - a potion of curing {@q1}
 p - a potion of magic {unknown}


   Skills:
 + Level 3.9 Fighting
 * Level 3.4 Axes
 * Level 1.4 Throwing
 + Level 4.1 Armour
 + Level 1.3 Dodging
 + Level 4.1 Shields


You had 3 spell levels left.
You didn't know any spells.
Your spell library was empty.

Dungeon Overview and Level Annotations

Branches:
Dungeon (3/15)

Altars:

Annotations:
D:3 Sigmund


Innate Abilities, Weirdness & Mutations

You have a pair of horns on your head.
You reflexively headbutt those who attack you in melee.


Message History

The endoplasm freezes you.
You are frozen.
You resist.
The howler monkey zombie barely misses you.
Unknown command.
You feel sick. The bat hits you but does no damage.
Sigmund hits you with a +1 scythe of venom.
* * * LOW HITPOINT WARNING * * *
The endoplasm freezes you.
You are frozen.
You resist.
* * * LOW HITPOINT WARNING * * *
You closely miss Sigmund. You barely miss the endoplasm.
You hit the howler monkey zombie.
You feel sick.
You are no longer poisoned.
The bat hits you but does no damage.
Sigmund gestures wildly while chanting.
Sigmund flickers and vanishes!
Deactivating autopickup; reactivate with Ctrl-A.
The endoplasm freezes you.
You are frozen.
You resist.
* * * LOW HITPOINT WARNING * * *
The howler monkey zombie closely misses you.
You're too confused to move!
You feel less confused. You block something's attack. The endoplasm hits you.
* * * LOW HITPOINT WARNING * * *
The howler monkey zombie hits you.
* * * LOW HITPOINT WARNING * * *
The bat closely misses you.
Unknown command.
You hit something. You hit the howler monkey zombie.
You destroy the howler monkey zombie!
You slash the endoplasm!
You kill the endoplasm!
You slash the bat!
You kill the bat!
Something hits you.
* * * LOW HITPOINT WARNING * * *
You are lethally poisoned!
It was a potion of curing.
You feel better.
You hear some strange, mumbled words.
Something tries to affect you, but you resist.
You barely miss something. You headbutt something. Something hits you.
* * * LOW HITPOINT WARNING * * *
You are lethally poisoned!
You miss something.
* * * LOW HITPOINT WARNING * * *
You feel very sick. Something hits you.
You die...

...#### ####...........
......##.............# #
##.........##.........
#.#........# #.........
#..........#####....(.##
........##........###..#
⌠...⌠..........#..###...
.(.....†{.######........
..>...⌠@..#### #.####...
.............# #.# ...#
⌠...⌠...##.#.# #.# .#.#
.....#### .# ..#.. ...##
.. ...# # ..# #.. ### #
#.# ..


There were no monsters in sight!

Vanquished Creatures
  A howler monkey zombie (D:3)
  2 adders
  A dart slug (D:2)
  4 ball pythons
  8 bats
  9 endoplasms
  2 giant cockroaches
  5 hobgoblins
  2 jackals (D:2)
  2 kobolds
  A quokka (D:3)
  2 frilled lizards
  4 goblins
  4 rats
47 creatures vanquished.

Notes
Turn   | Place    | Note
-------+----------+-------------------------------------------
     0 | D:1      | Heedrag the Minotaur Fighter began the quest for the Orb.
     0 | D:1      | Reached XP level 1. HP: 19/19 MP: 0/0
   272 | D:1      | Reached XP level 2. HP: 26/27 MP: 1/1
  1584 | D:2      | Reached XP level 3. HP: 29/33 MP: 2/2
  1619 | D:2      | Found a faded altar of an unknown god.
  1799 | D:2      | Reached skill level 1 in Throwing
  1953 | D:2      | Reached skill level 1 in Dodging
  2438 | D:3      | Reached XP level 4. HP: 40/40 MP: 3/3
  2459 | D:3      | Noticed Sigmund
  2470 | D:3      | HP: 2/40 [something (4)]
  2473 | D:3      | Slain by Sigmund

Illustrated notes

Levels and vault maps discovered:
D:1:      dpeg_arrival_long_road, layout_basic, hex_medium, minivault_5
D:2:      layout_basic, shapermc_ecumenical_altar_totnotflames,
          minmay_misc_feat_square, kennysheep_generic_room_7
D:3:      layout_rooms, hellmonk_ghost_happy_afterlife, grunt_ministairs_2,
          uniq_sigmund

Skill      XL: |  1  2  3 |
---------------+----------+-----
Axes           | 3 |  3.4
Throwing       | 1 |  1.4
Armour         | 4 |  4.1
Shields        | 4 |  4.1
Dodging        | 1 |  1.3
Fighting       | |  3.9

Action                   |  1- 3 |  4- 6 || total
-------------------------+-------+-------++-------
Melee: War axe           |    76 |     7 ||    83
       Headbutt          |     7 |     2 ||     9
  Use: Potion            |       |     1 ||     1
Armor: Scale mail        |    46 |     7 ||    53
Dodge: Dodged            |    48 |     8 ||    56
Block: Buckler           |    20 |     1 ||    21

Table legend: (Time is in decaauts)
 A = Elapsed time spent in this place.
 B = Non-inter-level travel time spent in this place.
 C = Inter-level travel time spent in this place.
 D = Time resting spent in this place.
 E = Time spent auto-exploring this place.
 F = Levels seen in this place.
 G = Mean time per level.
                   A        B        C        D        E       F      G
               +--------+--------+--------+--------+--------+-----+--------+
         Total |   2500 |   2252 |    248 |      0 |   1967 |   3 |  833.3 |
       Dungeon |   2500 |   2252 |    248 |      0 |   1967 |   3 |  833.3 |
               +--------+--------+--------+--------+--------+-----+--------+

Top non-repeatable levels by time:
     D:2: 1079 daAuts
     D:1: 1047 daAuts
     D:3: 374 daAuts
